AoeStats
← ccereal

Lombardia

509905726Analyzed
2v2 RM · 3d ago on Sep 28, 2026· 38m 56s· 4 players
Game mode
Random Map
Map size
Medium (4 player)
Population
200
Speed
Normal
Resources
Standard
Victory
Conquest
Starting age
Dark Age
Ending age
Imperial Age
RankedLock teamsTeams togetherTeam positionsShared explorationLock speedFull tech treeHidden civsTurbo modeCheats
Victory
Defeat
🇫🇷 Saracens · France
1599
+16
🇫🇷 Vikings · France
1590
+16
🇨🇿 Burgundians · Czechia
1592
-16
🇨🇿 Ethiopians · Czechia
1592
-16
xberny
4:21 Double-Bit Axe
7:43 Loom
10:08 Feudal Age
15:39 Castle Age
14:34 Bow Saw
22:40 Horse Collar
24:19 Scale Barding Armor
27:47 Chain Barding Armor
29:07 Heavy Plow
31:29 Wheelbarrow
31:13 Forging
31:53 Fletching
36:17 Husbandry
36:28 Cavalier
37:58 Iron Casting
38:35 Crop Rotation
GoPlayTetris
6:32 Loom
9:13 Feudal Age
10:57 Double-Bit Axe
16:43 Castle Age
15:37 Fletching
17:20 Bodkin Arrow
17:27 Crossbowman
21:49 Padded Archer Armor
26:39 Bow Saw
26:15 Horse Collar
26:26 Gold Mining
27:38 Wheelbarrow
28:08 Thumb Ring
29:29 Ballistics
30:07 Leather Archer Armor
32:49 Hand Cart
39:14 Imperial Age
ccereal
6:11 Loom
8:23 Feudal Age
8:56 Double-Bit Axe
8:53 Horse Collar
12:32 Horse Collar
15:46 Forging
16:20 Scale Barding Armor
19:00 Wheelbarrow
22:04 Castle Age
21:43 Bloodlines
22:09 Light Cavalry
23:14 Chain Barding Armor
23:16 Husbandry
27:02 Iron Casting
26:58 Gold Mining
27:36 Bow Saw
38:20 Hand Cart
Frorok
6:29 Loom
9:24 Feudal Age
10:15 Double-Bit Axe
12:37 Fletching
13:15 Padded Archer Armor
16:51 Horse Collar
22:07 Castle Age
22:48 Bodkin Arrow
22:14 Crossbowman
23:19 Bow Saw
26:14 Ballistics
26:39 Leather Archer Armor
26:18 Town Watch
29:42 Heavy Plow
33:39 Gold Mining
38:41 Imperial Age
38:46 Arbalester
39:27 Bracer
40:35 Chemistry
Connection lost

Rejoining the realm…

Still unreachable

The connection could not be restored.

Session expired

The server has moved on; the page needs a fresh start.